 Dungeon Crawl Stone Soup version 0.19.5 (webtiles) character file.

95 JNO the Slasher (level 4, -12/29 HPs)
             Began as a High Elf Skald on Apr 2, 2017.
             Killed by divine providence
             ... invoked by an orc priest
              (13 damage)
             ... on level 3 of the Dungeon.
             The game lasted 00:10:35 (2344 turns).

JNO the Slasher (High Elf Skald)                    Turns: 2344, Time: 00:10:36

Health: -12/29     AC:  7    Str: 12    XL:     4   Next: 39%
Magic:  8/8        EV: 11    Int: 15    God:
Gold:   102        SH:  0    Dex: 15    Spells: 3 memorised, 1 level left

rFire  . . .     SeeInvis .     a - +0 falchion
rCold  . . .     Gourm    .     b - +0 leather armour
rNeg   . . .     Faith    .     (no shield)
rPois  .         Spirit   .     (no helmet)
rElec  .         Reflect  .     (no cloak)
rCorr  .         Harm     .     h - +0 pair of gloves
MR     .....                    g - +2 pair of boots
Stlth  +.........               (no amulet)
                                (no ring)
                                (no ring)

@: hasted, very quick
A: no striking features
a: no special abilities


You were on level 3 of the Dungeon.
You were not hungry.

You visited 1 branch of the dungeon, and saw 3 of its levels.

You collected 102 gold pieces.

Inventory:

Hand Weapons
 a - a +0 falchion (weapon)
Missiles
 e - 8 javelins (quivered)
 i - 66 sling bullets
 m - 74 stones
 p - 28 arrows
 w - 23 bolts
Armour
 b - a +0 leather armour (worn)
 g - a +2 pair of boots (worn)
 h - a +0 pair of gloves (worn)
Scrolls
 l - a scroll of immolation {unknown}
 s - a scroll of teleportation {unknown}
 t - a scroll of recharging {unknown}
 u - a scroll of blinking {unknown}
 x - a scroll of magic mapping {unknown}
Potions
 j - 2 potions of berserk rage
 n - a potion of cure mutation {unknown}
 o - a potion of might {unknown}
 v - a potion of flight {unknown}
Books
 c - a book of Battle

   Spells                             Type                      Level
   a - Infusion                       Charms                       1
   b - Shroud of Golubria             Charms/Translocation         2
   c - Song of Slaying                Charms                       2
   d - Spectral Weapon                Hexes/Charms                 3
   e - Regeneration                   Charms/Necromancy            3
Comestibles
 d - 2 bread rations
 f - 2 meat rations
 k - a chunk of flesh
 r - 3 fruits


   Skills:
 + Level 2.0 Fighting
 + Level 5.6 Long Blades
 - Level 0.8 Armour
 - Level 1.1 Dodging
 + Level 2.4 Spellcasting
 + Level 3.6 Charms


You had one spell level left.
You knew the following spells:

 Your Spells              Type           Power        Failure   Level  Hunger
a - Infusion              Chrm           ##..         8%          1    #......
b - Song of Slaying       Chrm           ##......     12%         2    ###....
c - Spectral Weapon       Hex/Chrm       #.......     45%         3    ###....


Dungeon Overview and Level Annotations

Branches:
Dungeon (3/15)

Altars:
Cheibriados


Message History

You barely miss the orc.
The orc is heavily wounded.
An orc comes into view. It is wielding a mace.
You hit the orc priest.
The orc priest is lightly wounded.
The orc priest mumbles some strange prayers to Beogh against you.
Pain shoots through your body! The orc hits you but does no damage.
A rat comes into view.
You hit the orc priest.
The orc priest is moderately wounded.
The orc priest mumbles some strange prayers to Beogh against you.
Pain shoots through your body!
* * * LOW HITPOINT WARNING * * *
The orc hits you.
* * * LOW HITPOINT WARNING * * *
It was a potion of haste.
You feel yourself speed up.
Your song has ended.
The orc priest calls down the wrath of Beogh upon you.
Beogh smites you!
You die...

..# #.# #.# ##### #.#
##.%.## #.#
#r###o....#####.# #.#
#ooo@...........# #.#
#####.....#########<#
#......รท........#
....###############
##..# ....# ###.## #.


You could see an orc priest, an orc wizard, 2 orcs and a rat.

Vanquished Creatures
  4 adders (D:2)
  A worm (D:2)
  2 dart slugs (D:1)
  A leopard gecko (D:3)
  5 giant cockroaches (D:2)
  A hobgoblin (D:3)
  9 jackals
  5 kobolds
  A ball python (D:2)
  5 bats
  4 frilled lizards
  5 goblins
  8 rats
51 creatures vanquished.

Notes
Turn   | Place    | Note
-------+----------+-------------------------------------------
     0 | D:1      | JNO the High Elf Skald began the quest for the Orb.
     0 | D:1      | Reached XP level 1. HP: 14/14 MP: 4/4
    95 | D:1      | Found a snail-covered altar of Cheibriados.
   116 | D:1      | Reached skill level 3 in Long Blades
   139 | D:1      | Reached XP level 2. HP: 13/19 MP: 0/6
   764 | D:1      | Reached skill level 4 in Long Blades
   878 | D:1      | Reached XP level 3. HP: 24/24 MP: 3/7
  1468 | D:2      | Reached skill level 5 in Long Blades
  1543 | D:2      | Learned a level 2 spell: Song of Slaying
  1547 | D:2      | Learned a level 3 spell: Spectral Weapon
  1736 | D:2      | Reached XP level 4. HP: 29/29 MP: 2/8
  2343 | D:3      | HP: 1/29 [orc (1)]
  2344 | D:3      | Killed from afar by an orc priest

Skill      XL: |  1  2  3 |
---------------+----------+-----
Long Blades    | 3 4 5 |  5.6
Fighting       | |  2.0
Armour         | |  0.8
Dodging        | |  1.1
Spellcasting   | |  2.4
Charms         | |  3.6

Action                   |  1- 3 |  4- 6 || total
-------------------------+-------+-------++-------
Melee: Falchion          |    86 |    39 ||   125
 Cast: Infusion          |    13 |     2 ||    15
       Song of Slaying   |     2 |     1 ||     3
  Use: Potion            |     1 |     2 ||     3
       Scroll            |     1 |       ||     1
 Stab: Sleeping          |     4 |       ||     4
       Distracted        |     1 |       ||     1
  Eat: Chunk             |     3 |     2 ||     5
Armor: Leather armour    |    34 |    13 ||    47
Dodge: Dodged            |    59 |    17 ||    76
       Rpst.: Falchion   |    23 |     7 ||    30
